 Dungeon Crawl Stone Soup version 0.19-a0-1740-g0bcaf2e (webtiles) character file.

45 Amnesiac the Magician (level 3, -1/19 HPs)
             Began as a Deep Elf Earth Elementalist on Oct 1, 2016.
             Was an Initiate of Ashenzari.
             Slain by a jackal (3 damage)
             ... on level 1 of the Dungeon.
             The game lasted 00:03:28 (1164 turns).

Amnesiac the Magician (Deep Elf Earth Elementalist) Turns: 1164, Time: 00:03:28

Health: -1/19      AC:  2    Str:  5    XL:     3   Next: 42%
Magic:  0/10       EV: 13    Int: 19    God:    Ashenzari [......]
Gold:   151        SH:  0    Dex: 16    Spells: 2 memorised, 6 levels left

rFire  . . .     SeeInvis +     f - +0 dagger (curse)
rCold  . . .     Gourm    .     c - +0 robe
rNeg   . . .     Faith    .     (no shield)
rPois  .         Spirit   .     (no helmet)
rElec  .         Dismiss  .     (no cloak)
rCorr  .         Reflect  .     (no gloves)
MR     .....     Harm     .     (no boots)
Stlth  ++........               (no amulet)
                                (no ring)
                                a - ring of see invisible

@: no status effects
A: no striking features
a: Curse Item, Renounce Religion


You were on level 1 of the Dungeon.
You worshipped Ashenzari.
Ashenzari was noncommittal.
You were not hungry.

You visited 2 branches of the dungeon, and saw 5 of its levels.

You collected 151 gold pieces.

Inventory:

Hand Weapons
 f - a cursed +0 dagger (weapon)
Missiles
 b - 120 stones (quivered)
Armour
 c - a +0 robe (worn)
Jewellery
 a - a ring of see invisible (left hand)
Scrolls
 h - a scroll of random uselessness {unknown}
 i - 2 scrolls of teleportation {unknown}
 k - a scroll of identify {unknown}
Books
 e - a book of Geomancy

   Spells                             Type                      Level
   a - Sandblast                      Earth                        1
   b - Passwall                       Transmutation/Earth          2
   c - Stone Arrow                    Conjuration/Earth            3
   d - Petrify                        Transmutation/Earth          4
   e - Lee's Rapid Deconstruction     Earth                        5
Comestibles
 d - a bread ration
 g - a meat ration
 j - 6 chunks of flesh


   Skills:
 - Level 1.0 Short Blades
 - Level 2.4 Dodging
 - Level 2.4 Stealth
 - Level 3.5 Spellcasting
 + Level 2.7 Transmutations
 - Level 3.5 Earth Magic


You had 6 spell levels left.
You knew the following spells:

 Your Spells              Type           Power        Failure   Level  Hunger
f - Sandblast             Erth           ###...       4%          1    None
v - Passwall              Tmut/Erth      ###.......   8%          2    ##.....


Dungeon Overview and Level Annotations

Branches:
Dungeon (4/15)             Temple (1/1) D:4

Altars:
Ashenzari
Cheibriados
Fedhas
Makhleb
Okawaru
Qazlal
Sif Muna
Uskayaw
Yredelemnul
Zin

Shops:
D:4 }

Annotations:
D:4 exclusion: iguana


Message History

The jackal barely misses you. The jackal bites you.
* * * LOW HITPOINT WARNING * * *
Casting: Sandblast
Confirm with . or Enter, or press ? or * to list all spells.
You don't have enough magic to cast that spell.
You hit the jackal.
The jackal is almost dead.
The jackal bites you.
* * * LOW HITPOINT WARNING * * *
Casting: Sandblast
Confirm with . or Enter, or press ? or * to list all spells.
You don't have enough magic to cast that spell.
You closely miss the jackal.
The jackal is almost dead.
The jackal closely misses you. The jackal barely misses you.
Unknown command.
You hit the jackal.
You kill the jackal!
The jackal bites you.
You die...

#. #......##...# #### #.
#......#....# #
##......#....############
#.......#....+...........
#.......#......#########.
.........+........### #.
.##.......###........#####.
#..............>+........
########@'#)....###......
.....)h#......## #......
....$..#......####......
♣♣♣♣...#......#....##...
♣♣..#......#....##...
♣..#......#....##...
♣..#.######....###..
♣.%#...........# #.#
#.######....###.#


You could see a jackal.

Vanquished Creatures
  A worm (D:3)
  3 dart slugs (D:1)
  A leopard gecko (D:1)
  An orc (D:3)
  A bat (D:1)
  4 giant cockroaches
  3 goblins (D:1)
  4 hobgoblins
  3 jackals (D:1)
  A quokka (D:4)
  2 frilled lizards
  4 kobolds (D:1)
  3 rats (D:1)
31 creatures vanquished.

Notes
Turn   | Place    | Note
-------+----------+-------------------------------------------
     0 | D:1      | Amnesiac the Deep Elf Earth Elementalist began the quest for the Orb.
     0 | D:1      | Reached XP level 1. HP: 10/10 MP: 6/6
     6 | D:1      | Noticed a basilisk
     6 | D:1      | Noticed a soldier ant
     6 | D:1      | Noticed a centaur
   164 | D:3      | Reached XP level 2. HP: 15/15 MP: 8/8
   199 | D:3      | Learned a level 2 spell: Passwall
   479 | D:4      | Reached skill level 1 in Short Blades
   517 | D:4      | Found a staircase to the Ecumenical Temple.
   525 | Temple   | Entered the Ecumenical Temple
   574 | Temple   | Became a worshipper of Ashenzari the Shackled
   596 | D:4      | Found Ciwkojee's Gadget Shop.
   942 | D:1      | Reached XP level 3. HP: 19/19 MP: 8/10
  1164 | D:1      | Slain by a jackal

Vault maps used:
D:1:      onia_arrival_zoo_common, minmay_misc_feat_x, kennysheep_pointless_box,
          minmay_close_crescents
D:2:      solitary_fountain, uniq_crazy_yiuf_cottage
D:3:      nemelex_xobeh_ov_fountains_minmay, uniq_jessica
D:4:      nicolae_overflow_hidden_temple, serial_shops,
          nicolae_shop_behind_doors, shop, shop_coins
Temple:   eino_wide_crystal_templ

Skill      XL: |  1  2 |
---------------+-------+-----
Short Blades   | 1 |  1.0
Transmutations | 2 |  2.7
Dodging        | |  2.4
Stealth        | |  2.4
Spellcasting   | |  3.5
Earth Magic    | |  3.5

Action                   || total
-------------------------++-------
Melee: Dagger            ||    49
 Cast: Sandblast         ||    54
       Passwall          ||     5
 Stab: Sleeping          ||     8
  Eat: Chunk             ||     1
Armor: Robe              ||    11
Dodge: Dodged            ||    56
